 Seeded DCSS version 0.31-a0-360-gb3e1d13bf4 (webtiles) character file.

Game seed: 13532415758814214178 (custom seed)

8694 innerfire43 the Mimic (level 11, 0/75 HPs)
             Began as a Demonspawn Monk on July 26, 2023.
             Was a High Priest of Qazlal.
             Slain by a boulder beetle (41 damage)
             ... on level 11 of the Dungeon.
             The game lasted 00:15:41 (9001 turns).

innerfire43 the Mimic (Demonspawn Monk)             Turns: 9001, Time: 00:15:42

Health: 0/75       AC:  7    Str: 13    XL:     11   Next: 13%
Magic:  13/13      EV: 11    Int: 18    God:    Qazlal [*****.]
Gold:   612        SH: 14    Dex: 16    Spells: 13/13 levels left

rFire   + + .        p - +5 trident "Spiderbane" {protect, rF+}
rCold   . . .        (no shield)
rNeg    . . .        g - +2 ring mail {rF+}
rPois   .            (helmet currently unavailable)
rElec   .            (cloak currently unavailable)
rCorr   .            (gloves currently unavailable)
SInv    .            (boots currently unavailable)
Will    .....        (no amulet)
Stlth   +            G - +6 ring of intelligence
HPRegen 0.32/turn    s - ring of wizardry
MPRegen 0.13/turn

%: repel missiles, wizardry (x1)
@: beast-form, unable to drink
A: beast (slay +6), hooves 2, large bone plates 3, foul stench 3, weak 1,
inability to drink after injury 1
a: Begin Untransformation, Renounce Religion, Upheaval, Elemental Force,
Disaster Area


You were on level 11 of the Dungeon.
You worshipped Qazlal.
Qazlal was extremely pleased with you.
You were a hulking beast.
You visited 2 branches of the dungeon, and saw 12 of its levels.
You also visited: Sewer.

You collected 799 gold pieces.
You spent 187 gold pieces at shops.

Inventory:

Hand Weapons
 a - a +0 spear
 p - the +5 trident "Spiderbane" (weapon) {protect, rF+}
   (You bought it in a shop on level 3 of the Dungeon)

   rF:        It protects you from fire.
 J - the +4 hand axe of Xom's Brutal Revenge {flame, rPois}
   (You found it on level 8 of the Dungeon)

   rPois:     It protects you from poison.
 M - a +4 orcbow
Missiles
 E - 3 throwing nets
Armour
 b - a +0 robe
 d - an orb of light
 g - a +2 ring mail of fire resistance (worn)
 L - an orb of mayhem
Jewellery
 s - a ring of wizardry (right hand)
 G - a +6 ring of intelligence (left hand)
Talismans
 j - a beast talisman
Wands
 f - a wand of flame (43)
 n - a wand of iceblast (9)
 u - a wand of light (23)
 F - a wand of polymorph (7)
 I - a wand of mindburst (21)
Scrolls
 e - a scroll of amnesia {unknown}
 l - 4 scrolls of poison {unknown}
 m - 2 scrolls of fog {unknown}
 o - 5 scrolls of identify
 t - 2 scrolls of noise {unknown}
 v - a scroll of revelation {unknown}
 x - a scroll of vulnerability
 y - 2 scrolls of fear
 C - a scroll of acquirement {unknown}
 D - a scroll of immolation {unknown}
 H - 2 scrolls of teleportation {unknown}
 N - a scroll of torment {unknown}
Potions
 c - a potion of ambrosia
 h - a potion of curing {unknown}
 i - a potion of enlightenment
 k - a potion of might
 q - a potion of invisibility
 r - 3 potions of brilliance
 w - a potion of haste {unknown}
 z - 2 potions of cancellation {unknown}
 A - a potion of resistance
 B - a potion of heal wounds
 K - a potion of attraction {unknown}


   Skills:
 - Level 3.0 Fighting
 + Level 8.3 Polearms
 - Level 3.0 Dodging
 + Level 7.8 Unarmed Combat
 * Level 1.5 Spellcasting
 * Level 1.5 Translocations
 * Level 9.3 Shapeshifting


You had 13 spell levels left.
You didn't know any spells.
Your spell library contained the following spells:

 Spells                   Type           Power      Damage    Failure   Level
 Blink                    Tloc           12%        N/A       14%         2
 Lesser Beckoning         Tloc           12%        N/A       14%         2
 Magic Dart               Conj           4%         1d3       16%         1
 Momentum Strike          Conj/Tloc      8%         3d8       19%         2
 Cigotuvi's Dreadful Rot  Necr/Pois/Air  2%         N/A       26%         2
 Ensorcelled Hibernation  Hex/Ice        2%         N/A       26%         2
 Scorch                   Fire           2%         2d5       26%         2
 Searing Ray              Conj           2%         2d4       26%         2
 Ignite Poison            Fire/Tmut/Pois 1%         N/A       43%         3
 Manifold Assault         Tloc           6%         N/A       63%         4
 Anguish                  Hex/Necr       0%         N/A       82%         4
 Flame Wave               Conj/Fire      1%         2d4       82%         4
 Fulminant Prism          Conj/Hex       0%         3d5       82%         4
 Freezing Cloud           Conj/Ice/Air   0%         6-21      98%         5
 Summon Cactus Giant      Summ           0%         N/A       100%        6


Dungeon Overview and Level Annotations

Branches:
Dungeon (11/15)            Temple (1/1) D:4            Lair (0/5) D:8
    Orc (0/2) D:11          Sewer (visited)

Altars:
Ashenzari
Cheibriados
Dithmenos
Fedhas
Gozag
Hepliaklqana
Kikubaaqudgha
Makhleb
Nemelex Xobeh
Okawaru
Qazlal
Ru
Sif Muna
Trog
Uskayaw
Vehumet
Wu Jian
Xom
Yredelemnul

Shops:
D:3 (


Innate Abilities, Weirdness & Mutations

You are a hulking beast.
Your limbs bulge with bestial killing power. (Slay +6)
You have hoof-like feet.
You are completely covered in large bone plates. (SH +8)
You frequently emit foul miasma when damaged in melee.
You are weak. (Str -2)
You occasionally lose the ability to drink potions when taking damage.


Message History

A boulder beetle is nearby!
You completely miss the boulder beetle.
You kick the boulder beetle, but do no damage.
You block the boulder beetle's attack.
A boulder beetle is nearby!
You hit the boulder beetle.
Your weapon exudes an aura of protection.
You kick the boulder beetle, but do no damage.
The boulder beetle is lightly wounded.
You block the boulder beetle's attack.
A boulder beetle is nearby!
You hit the boulder beetle.
The boulder beetle is lightly wounded.
The boulder beetle bites you!
You emit a cloud of foul miasma!
You hit the boulder beetle. Your kick misses the boulder beetle.
The boulder beetle is lightly wounded.
The boulder beetle is engulfed in dark miasma.
The boulder beetle is poisoned.
The boulder beetle seems to slow down.
The boulder beetle leaps!
The boulder beetle is no longer moving slowly.
The boulder beetle curls into a ball and begins rolling!
The boulder beetle hits you!!
The boulder beetle stops rolling and uncurls.
You hit the boulder beetle but do no damage.
Your kick misses the boulder beetle.
The boulder beetle is lightly wounded.
You block the boulder beetle's attack.
You hit the boulder beetle but do no damage.
The boulder beetle is lightly wounded.
The boulder beetle misses you.
You hit the boulder beetle.
You kick the boulder beetle, but do no damage.
The boulder beetle is lightly wounded.
The boulder beetle leaps!
The boulder beetle curls into a ball and begins rolling!
The boulder beetle looks more healthy.
The boulder beetle hits you!!!
You feel threatened and lose the ability to drink potions!
Ouch! That really hurt!
You die...

.... .....## ### #
#.....# .... #.#.....##
#..# #.......### #..# .#
#.........##..# .#
.#....?○.○§...# .#
.....○.°..§.>## .##
.......○h.....#### ..#
........B☼.....#.# ..#
.......○....#...######..#
....#...°...#............
........°...#...#.###....
...............######....
................ ##...#.
...............# #...###
..............##..##


You could see a boulder beetle (rolling).

Vanquished Creatures
  2 two-headed ogres
  Psyche (D:9)
  2 unseen horrors
  A kobold demonologist (D:10)
  Sigmund (D:5)
  A wyvern (D:11)
  A vampire (D:10)
  5 yaks (D:10)
  3 steam dragons
  4 vampire mosquitoes (D:11)
  An acid dragon (D:9)
  3 wargs (D:8)
  Duvessa (D:4)
  3 water moccasins
  2 ice beasts
  An orc warrior (D:6)
  A black bear (D:5)
  A sky beast (D:7)
  An ogre (D:7)
  6 centaurs
  A kobold brigand (D:9)
  A phantom (D:4)
  3 bullfrogs
  4 scorpions
  2 gnoll sergeants
  4 wights (D:8)
  Dowan (D:4)
  5 howler monkeys
  7 electric eels
  A hound (D:5)
  2 jellies
  A gnoll bouda (D:8)
  8 orc priests
  2 sleepcaps (D:4)
  5 iguanas
  11 orc wizards
  12 gnolls
  7 adders
  3 river rats
  A shadow imp (D:6)
  A white imp (D:5)
  3 worms
  2 dart slugs
  25 orcs
  18 ball pythons
  5 endoplasms
  4 giant cockroaches
  5 goblins
  4 hobgoblins
  2 jackals (D:5)
  11 kobolds
  2 quokkas (D:3)
  9 bats
  8 frilled lizards
  28 rats
  2 butterflies
251 creatures vanquished.

Vanquished Creatures (others)
  An orc wizard (D:8)
  An orc (D:8)
2 creatures vanquished.

Grand Total: 253 creatures vanquished

Notes
Turn   | Place    | Note
-------+----------+-------------------------------------------
     0 | D:1      | innerfire43 the Demonspawn Monk began the quest for the
                  | Orb.
     0 | D:1      | Reached XP level 1. HP: 18/18 MP: 1/1
   159 | D:1      | Gained mutation: You are partially covered in large bone
                  | plates. (SH +4) [demonic ancestry]
   159 | D:1      | Reached XP level 2. HP: 24/24 MP: 2/2
   481 | D:2      | Reached skill level 1 in Shapeshifting
   569 | D:2      | Gained mutation: You have large cloven feet. [demonic
                  | ancestry]
   569 | D:2      | Reached XP level 3. HP: 27/29 MP: 3/3
  1193 | D:3      | Reached skill level 1 in Unarmed Combat
  1346 | D:3      | Found a transporter.
  1351 | D:3      | Found a transporter.
  1424 | D:3      | Found Heteeque's Antique Weapon Boutique.
  1432 | D:3      | Bought a pitted trident for 187 gold pieces
  1432 | D:3      | Identified the +5 trident "Spiderbane" {protect, rF+} (You
                  | bought it in a shop on level 3 of the Dungeon)
  1935 | D:3      | Gained mutation: You may rarely emit foul miasma when
                  | damaged in melee. [demonic ancestry]
  1935 | D:3      | Reached XP level 4. HP: 35/35 MP: 4/4
  2069 | D:3      | Reached skill level 2 in Shapeshifting
  2069 | D:3      | Reached XP level 5. HP: 29/41 MP: 5/5
  2149 | D:4      | Found a staircase to the Ecumenical Temple.
  2172 | Temple   | Entered the Ecumenical Temple
  2189 | Temple   | Became a worshipper of Qazlal Stormbringer
  2189 | Temple   | Reached * piety under Qazlal
  2189 | Temple   | Reached ** piety under Qazlal
  2290 | D:4      | Noticed a phantom
  2294 | D:4      | Killed a phantom
  2295 | D:4      | Reached skill level 3 in Shapeshifting
  2295 | D:4      | Reached XP level 6. HP: 47/47 MP: 6/6
  2502 | D:4      | Noticed Dowan
  2502 | D:4      | Noticed Duvessa
  2514 | D:4      | Killed Duvessa
  2529 | D:4      | Killed Dowan
  2530 | D:4      | Reached XP level 7. HP: 37/52 MP: 7/7
  2967 | D:5      | Entered Level 5 of the Dungeon
  3020 | D:5      | Found an ancient bone altar of Kikubaaqudgha.
  3076 | D:5      | Reached skill level 4 in Shapeshifting
  3197 | D:5      | Found a glowing drain.
  3211 | Sewer    | Entered a sewer
  3355 | Sewer    | Reached *** piety under Qazlal
  3621 | D:5      | Reached **** piety under Qazlal
  3622 | D:5      | Reached skill level 5 in Polearms
  3622 | D:5      | Gained mutation: You are mostly covered in large bone
                  | plates. (SH +6) [demonic ancestry]
  3622 | D:5      | Reached XP level 8. HP: 56/58 MP: 8/8
  3632 | D:5      | Reached skill level 5 in Shapeshifting
  3678 | D:5      | Noticed Sigmund
  3690 | D:5      | Killed Sigmund
  3720 | D:5      | You fall into a shaft and drop 2 floors!
  3882 | D:6      | Reached skill level 5 in Unarmed Combat
  3882 | D:6      | Reached skill level 6 in Shapeshifting
  4154 | D:6      | Gained mutation: You sometimes emit foul miasma when
                  | damaged in melee. [demonic ancestry]
  4154 | D:6      | Reached XP level 9. HP: 63/63 MP: 9/9
  4597 | D:6      | Identified the +4 whip "Giant's Toothpick" {heavy, Str+3}
  4746 | D:5      | Found a shimmering altar of Xom.
  5421 | D:7      | Gained mutation: You have hidden genetic defects. [potion
                  | of mutation]
  5421 | D:7      | Gained mutation: You have hoof-like feet. [potion of
                  | mutation]
  5454 | D:7      | Reached skill level 7 in Shapeshifting
  6329 | D:8      | Gained mutation: You occasionally lose the ability to drink
                  | potions when taking damage. [hidden defects]
  6359 | D:8      | Reached ***** piety under Qazlal
  6388 | D:8      | Gained mutation: You frequently emit foul miasma when
                  | damaged in melee. [demonic ancestry]
  6388 | D:8      | Reached XP level 10. HP: 51/69 MP: 10/10
  6403 | D:8      | Gained mutation: You are weak. (Str -2) [hidden defects]
  6403 | D:8      | Lost mutation: You have hidden genetic defects. [hidden
                  | defects expressed]
  6598 | D:8      | Found a shadowy altar of Dithmenos.
  6657 | D:8      | Found a staircase to the Lair.
  6762 | D:8      | Identified the +4 hand axe of Xom's Brutal Revenge {flame,
                  | rPois}
  7146 | D:9      | Noticed a two-headed ogre
  7161 | D:9      | Killed a two-headed ogre
  7162 | D:9      | Reached skill level 8 in Shapeshifting
  7416 | D:9      | Noticed Psyche
  7426 | D:9      | Killed Psyche
  7852 | D:9      | Found a hide-covered altar of Uskayaw.
  7885 | D:9      | Found a sacrificial altar of Ru.
  7948 | D:10     | Entered Level 10 of the Dungeon
  8264 | D:10     | Noticed a two-headed ogre
  8267 | D:10     | Reached skill level 9 in Shapeshifting
  8274 | D:10     | Killed a two-headed ogre
  8678 | D:11     | Gained mutation: You are completely covered in large bone
                  | plates. (SH +8) [demonic ancestry]
  8678 | D:11     | Reached XP level 11. HP: 57/75 MP: 11/11
  8763 | D:11     | Reached skill level 1 in Spellcasting
  8765 | D:11     | Reached skill level 1 in Translocations
  8977 | D:11     | Found a staircase to the Orcish Mines.
  8983 | D:11     | Noticed a boulder beetle
  9001 | D:11     | Slain by a boulder beetle

Illustrated notes

Levels and vault maps discovered:
D:1:      scummos_arrival_simple_crosswalls, layout_rooms
D:2:      layout_basic
D:3:      gammafunk_steamed_eel, layout_loops_corners, serial_shops, shop,
          minmay_gold_behind_fungi, dk_noncrumbling_3
D:4:      layout_loops_ring, minmay_temple_entry_butterflies, uniq_duvessa
D:5:      layout_loops_ring, xom_butterflies, mainiacjoe_overflow_24_doors,
          portal_sewer_entry_b, minmay_statues_item, uniq_sigmund
D:6:      layout_gridville
D:7:      layout_layer_cave, serial_bayou_lake_a
D:8:      layout_basic, mainiacjoe_overflow_paths, erik_lair_orcish_takeover
D:9:      layout_rooms, mainiacjoe_overflow_two_lobes, uniq_psyche
D:10:     layout_roguey
D:11:     layout_layer_cave, orc_0_dummy
Temple:   bh_familiar_temple

Skill      XL: |  1  2  3  4  5  6  7  8  9 10 11 |
---------------+----------------------------------+-----
Shapeshifting  | 1 2 3 4 6 7 9 |  9.3
Polearms       | 3 4 5 7 8 |  8.3
Dodging        | 3 |  3.0
Unarmed Combat | 1 2 3 4 5 6 7 |  7.8
Spellcasting   | 1 |  1.5
Translocations | 1 |  1.5
Fighting       | |  3.0

Action                     |  1- 3 |  4- 6 |  7- 9 | 10-12 || total
---------------------------+-------+-------+-------+-------++-------
  Melee: Spear             |    98 |       |       |       ||    98
         Trident           |    15 |    56 |   303 |   138 ||   512
         Kick              |    11 |    20 |    75 |    41 ||   147
         Punch             |       |       |     5 |     5 ||    10
  Evoke: Wand              |       |       |     5 |       ||     5
    Use: Potion            |       |     2 |     5 |     1 ||     8
         Scroll            |       |       |     5 |       ||     5
   Stab: Sleeping          |     1 |       |       |       ||     1
         Invisible         |       |       |     1 |       ||     1
 Armour: Robe              |    18 |     9 |    30 |       ||    57
         Ring mail         |       |       |    28 |    56 ||    84
  Dodge: Dodged            |    30 |    27 |   142 |    67 ||   266
         Repelled          |       |       |     2 |       ||     2
  Block: Orb               |     4 |     6 |    83 |       ||    93
         Other             |       |       |    36 |    95 ||   131
   Form: Beast             |     1 |     1 |       |       ||     2
                           |       |     1 |       |       ||     1

Table legend: (Time is in decaauts)
 A = Elapsed time spent in this place.
 B = Non-inter-level travel time spent in this place.
 C = Inter-level travel time spent in this place.
 D = Time resting spent in this place.
 E = Time spent auto-exploring this place.
 F = Levels seen in this place.
 G = Mean time per level.
                   A        B        C        D        E       F      G
               +--------+--------+--------+--------+--------+-----+--------+
         Total |   9063 |   8448 |    615 |      7 |   6939 |  13 |  697.2 |
       Dungeon |   8658 |   8067 |    591 |      7 |   6720 |  11 |  787.1 |
        Temple |     31 |      7 |     24 |      0 |      0 |   1 |   31.0 |
         Sewer |    373 |    373 |      0 |      0 |    219 |   1 |  373.0 |
               +--------+--------+--------+--------+--------+-----+--------+

Top non-repeatable levels by time:
     D:7: 1290 daAuts
     D:3: 1040 daAuts
     D:8: 999 daAuts
     D:6: 994 daAuts
     D:4: 798 daAuts
     D:5: 718 daAuts
    D:10: 702 daAuts
     D:9: 680 daAuts
     D:2: 633 daAuts
     D:1: 469 daAuts
   Sewer: 373 daAuts
    D:11: 332 daAuts
  Temple: 31 daAuts
